 Dungeon Crawl Stone Soup version 0.32-a0-975-g85d4e5bfdb (webtiles) character file.

Game seed: 17053152970257826610

59266 Cancer the Brawler (level 14, -14/90 HPs)
             Began as an Octopode Shapeshifter on Apr 19, 2024.
             Was the Champion of Wu Jian.
             Demolished by an orc knight
             ... wielding a +8 great sword
              (46 damage)
             ... on level 1 of the Orcish Mines.
             The game lasted 01:21:16 (26836 turns).

Cancer the Brawler (Octopode Shapeshifter)         Turns: 26836, Time: 01:21:16

Health: -14/90     AC:  7    Str: 18    XL:     14   Next: 94%
Magic:  17/17      EV: 24    Int: 16    God:    Wu Jian [******]
Gold:   1825       SH:  0    Dex: 14    Spells: 15/17 levels left

rFire   + .          .
                       - Unarmed
rCold   + . .        (shield currently unavailable)
rNeg    + + .        R - +2 hat
rPois   .            o - amulet of the acrobat
rElec   .            f - ring of resist corrosion
rCorr   +            p - ring of positive energy
SInv    .            B - ring of protection from cold
Will    +....        C - ring of resist corrosion
Stlth   +++++        F - +5 ring of evasion
HPRegen 0.35/turn    G - +5 ring of evasion
MPRegen 0.15/turn    J - ring of Surprise {^Contam rN+ AC+4 Int+3}
                     V - ring of Entrepreneurial Spirit {Wiz rF+ Dex+3}

%: acrobat, wizardry (x1)
@: blade tentacles
A: almost no armour, amphibious, 8 rings, camouflage 1, gelatinous body 1,
(nimble swimmer 1), tentacles
a: Begin Untransformation, Renounce Religion, Wall Jump, Serpent's Lash,
Heavenly Storm


You were on level 1 of the Orcish Mines.
You worshipped Wu Jian.
Wu Jian was exalted by your worship.
You had blades for main tentacles.
You visited 4 branches of the dungeon, and saw 19 of its levels.
You also visited: Sewer.

You collected 1825 gold pieces.

Inventory:

Missiles
 N - 3 throwing nets (quivered)
Armour
 R - a +2 hat (worn)
Jewellery
 f - a ring of resist corrosion (left blade tentacle)
 k - a ring of fire
 o - an amulet of the acrobat (around mantle)
 p - a ring of positive energy (right blade tentacle)
 z - an amulet of reflection
 B - a ring of protection from cold (on tentacle)
 C - a ring of resist corrosion (on tentacle)
 F - a +5 ring of evasion (on tentacle)
 G - a +5 ring of evasion (on tentacle)
 J - the ring of Surprise (on tentacle) {^Contam rN+ AC+4 Int+3}
   (You found it on level 4 of the Lair of Beasts)

   [ring of protection]

   AC+4:      It affects your AC (+4).
   Int+3:     It affects your intelligence (+3).
   rN+:       It protects you from negative energy.
   ^Contam:   It causes magical contamination when unequipped.
 O - an amulet of guardian spirit
 T - a ring of ice
 V - the ring of Entrepreneurial Spirit (on tentacle) {Wiz rF+ Dex+3}
   (You found it on level 12 of the Dungeon)

   [ring of wizardry]

   Wiz:       It improves your spell success rate.
   Dex+3:     It affects your dexterity (+3).
   rF+:       It protects you from fire.
 W - an amulet of faith
Talismans
 c - a flux talisman
 U - a blade talisman (active)
Wands
 n - a wand of charming (15)
 L - a wand of polymorph (10)
 M - a wand of mindburst (7)
Scrolls
 b - a scroll of noise {unknown}
 d - 9 scrolls of teleportation
 e - a scroll of fog {unknown}
 g - 2 scrolls of butterflies {unknown}
 j - 6 scrolls of immolation {unknown}
 m - 3 scrolls of vulnerability {unknown}
 q - 5 scrolls of enchant weapon {unknown}
 s - 4 scrolls of poison {unknown}
 u - 8 scrolls of identify {unknown}
 x - 3 scrolls of blinking {unknown}
 y - 2 scrolls of amnesia {unknown}
 A - 4 scrolls of fear {unknown}
 D - 2 scrolls of torment {unknown}
 H - 6 scrolls of enchant armour {unknown}
 I - a scroll of revelation {unknown}
 Q - 2 scrolls of brand weapon {unknown}
Potions
 a - a potion of lignification
 h - a potion of degeneration {unknown}
 i - a potion of haste {unknown}
 l - 5 potions of curing
 r - 4 potions of magic {unknown}
 t - 6 potions of enlightenment
 v - a potion of brilliance {unknown}
 w - 9 potions of mutation
 E - 3 potions of heal wounds {unknown}
 K - 2 potions of cancellation {unknown}
 P - a potion of might {unknown}
 S - a potion of attraction {unknown}


   Skills:
 - Level 6.0 Fighting
 - Level 6.0 Dodging
 - Level 10.0 Stealth
 + Level 17.6 Unarmed Combat
 - Level 2.0 Spellcasting
 - Level 2.0 Translocations
 - Level 1.0 Evocations
 * Level 14.5 Shapeshifting


You had 15 spell levels left.
You knew the following spells:

 Your Spells              Type           Power      Damage    Failure   Level
a - Blink                 Tloc           16%        N/A       6%          2

Your spell library contained the following spells:

 Spells                   Type           Power      Damage    Failure   Level
 Apportation              Tloc           16%        N/A       3%          1
 Magic Dart               Conj           4%         1d3       9%          1
 Slow                     Hex            4%         N/A       9%          1
 Call Imp                 Summ           2%         N/A       12%         2
 Cigotuvi's Dreadful Rot  Necr/Alch/Air  2%         N/A       12%         2
 Jinxbite                 Hex            2%         N/A       12%         2
 Sublimation of Blood     Necr           1%         N/A       12%         2
 Volatile Blastmotes      Fire/Tloc      8%         2d10      16%         3
 Confusing Touch          Hex            1%         N/A       24%         3
 Stone Arrow              Conj/Erth      2%         3d7       24%         3
 Vampiric Draining        Necr           1%         2d6       24%         3
 Vhi's Electric Charge    Tloc/Air       8%         N/A       45%         4
 Brom's Barrelling Bould  Conj/Erth      1%         2d3       58%         4
 Ignite Poison            Fire/Alch      1%         N/A       58%         4
 Leda's Liquefaction      Alch/Erth      0%         N/A       58%         4
 Petrify                  Alch/Erth      1%         N/A       58%         4
 Alistair's Intoxication  Alch           0%         N/A       89%         5
 Arcjolt                  Conj/Air       0%         1d10      89%         5
 Freezing Cloud           Conj/Ice/Air   0%         6-21      89%         5
 Lee's Rapid Deconstruct  Erth           0%         3d4*      89%         5
 Metabolic Englaciation   Hex/Ice        0%         N/A       89%         5
 Dispersal                Tloc           4%         N/A       99%         6
 Gell's Gavotte           Tloc           4%         2d(13-19) 99%         6
 Bombard                  Conj/Erth      0%         9d1       100%        6
 Permafrost Eruption      Ice/Erth       0%         2x4d1     100%        6
 Plasma Beam              Fire/Air       0%         2x1d10    100%        6
 Manifold Assault         Tloc           4%         N/A       100%        7
 Seismic Cannonade        Alch/Erth      0%         6d4       100%        7
 Summon Hydra             Summ           0%         N/A       100%        7
 Disjunction              Tloc           4%         N/A       100%        8
 Lehudib's Crystal Spear  Conj/Erth      0%         10d2      100%        8
 Animate Armour           Summ/Erth      Unusable   N/A       N/A         4

Dungeon Overview and Level Annotations

Branches:
Dungeon (12/15)            Temple (1/1) D:5            Lair (5/5) D:8
  Swamp (0/4) Lair:2        Snake (0/4) Lair:3        Slime (0/5) Lair:4
    Orc (1/2) D:10          Sewer (visited)

Altars:
Ashenzari
Cheibriados
Dithmenos
Elyvilon
Fedhas
Gozag
Hepliaklqana
Kikubaaqudgha
Makhleb
Nemelex Xobeh
Okawaru
Qazlal
Ru
Sif Muna
Trog
Uskayaw
Vehumet
Wu Jian
Xom
Yredelemnul
Zin
The Shining One
Jiyva

Shops:
D:1 !   D:4 :   D:7 [:?!   Orc:1 !

Portals:
Abyss: D:3

Annotations:
D:1 2tele,lign,cur
D:8 stash
D:12 Frances
Lair:3 fly
Orc:1 2 transporters


Innate Abilities, Weirdness & Mutations

You have blades for main tentacles.
You are incapable of wielding weapons or throwing items.
You cannot wear most types of armour.
You are amphibious.
You can wear up to eight rings at the same time.
Your skin changes colour to match your surroundings (Stealth+).
Your rubbery body absorbs attacks. (AC +1, EV +1)
((You are camouflaged when in or above water. (Stealth+)))
You have tentacles for arms and can constrict up to eight enemies at once.


Message History

a +4 falchion; a +0 ring mail
Things that are here:
a +8 long sword; a +0 ring mail; an orc corpse
There is a transporter here.
You start resting.
HP restored.
You enter the transporter and appear at another place.
The orc knight roars a battlecry!
The orc knight goes into a battle-frenzy!
You hit the orc knight. Your grab misses the orc knight.
The orc knight is lightly wounded.
The orc knight roars a battlecry!
The orc knight goes into a battle-frenzy!
You spin and attack the orc knight repeatedly.
You barely miss the orc knight.
You squeeze the orc knight, but do no damage.
You hit the orc knight.
The orc knight is lightly wounded.
You spin and attack the orc knight.
You slash the orc knight! You grab the orc knight. You slash the orc knight.
The orc knight is moderately wounded.
You constrict the orc knight. The orc knight completely misses you.
The orc knight hits you with a +8 great sword!!
Unknown command.
You release your grip on the orc knight.
You spin and attack the orc knight repeatedly.
You barely miss the orc knight. Your grab misses the orc knight.
You squeeze the orc knight.
The orc knight is lightly wounded.
You slice the orc knight!!
The orc knight is heavily wounded.
You spin and attack the orc knight repeatedly.
You slice the orc knight!! Your grab misses the orc knight.
The orc knight is severely wounded.
You closely miss the orc knight.
The orc knight is severely wounded.
The orc knight hits you with a +4 great sword!!
The orc knight hits you with a +8 great sword!!!
Ouch! That really hurt!
You die...

#........... ##...#.#....
########### ##....###...
#.........###########...........
##.#######.......................
#..#♣♣P♣♣#ßß#####ßß######..#.....
..##$$...####...####...###..#....
.ß#$$$♣.. ##...oo##..)).##ß......
.©#©.$_.. #©.o♣.@#©...)©#©_......
.ß#$$$♣.. ##.....##.....##ß......
..##$$...####...####...###.......
#..#♣♣P♣♣#ßß#####ßß######..#.....
#..#######................##.....
..............#.#.....####.......
........................#........
...........#....#..))....#..##.##
#.................)#)##.#...#####


You could see 2 orc knights.

Vanquished Creatures
  Josephine (D:12)
  An ice dragon (Lair:5)
  2 catoblepae
  5 hydras
  A boulder beetle (D:12)
  2 two-headed ogres
  4 death yaks (Lair:4)
  Urug (Lair:4)
  Amaemon (D:8)
  A deep troll (Lair:1)
  A swamp dragon (Lair:5)
  5 lindwurms
  Pikel (D:4)
  An ugly thing (D:11)
  A necromancer (Lair:5)
  An orc knight (D:12)
  2 manticores (Lair:5)
  A salamander (Lair:3)
  An oklob plant (Lair:3)
  6 elephants
  2 kobold blastminers (Orc:1)
  4 black mambas
  A gargoyle (D:12)
  Joseph (D:9)
  14 cane toads
  3 unseen horrors (D:12)
  An orange demon (D:8)
  9 rime drakes
  A torpor snail (Lair:5)
  Jeremiah (D:9)
  9 komodo dragons
  3 trolls
  3 polar bears
  2 hornets
  15 blink frogs
  2 tyrant leeches (Lair:2)
  Grinder (D:4)
  4 slime creatures (D:12)
  2 vampires
  A shadow (D:12)
  7 wyverns
  27 yaks
  9 wraiths
  10 basilisks
  Grum (D:9)
  3 wargs
  3 steam dragons (Lair:5)
  A death yak simulacrum (Lair:5)
  A swamp worm (Lair:2)
  8 vampire mosquitoes (D:11)
  Menkaure (D:4)
  3 nagas (Lair:3)
  4 acid dragons
  Duvessa (D:4)
  4 hydra simulacra (Lair:5)
  19 water moccasins
  2 ice beasts
  Pargi (D:4)
  A swamp drake (Lair:5)
  A black bear (D:4)
  13 orc warriors
  A sky beast (D:8)
  22 wolves
  5 centaurs
  4 lemures
  The ghost of Guivassao the Sneak, an amateur OpEn (D:3)
  A phantom (D:7)
  A brain worm (Sewer)
  17 bullfrogs
  6 kobold brigands
  2 gnoll sergeants
  A small abomination (D:3)
  2 scorpions
  5 wights (D:9)
  Dowan (D:4)
  3 elephant simulacra (Lair:5)
  An electric eel (Lair:3)
  4 howler monkeys
  A crimson imp (D:3)
  5 hounds (D:5)
  3 bombardier beetles
  3 gnoll boudas
  3 jellies
  8 orc priests
  3 sleepcaps
  8 iguanas
  9 orc wizards
  7 hell rats
  18 gnolls
  5 adders
  4 river rats (Sewer)
  3 white imps
  3 hell rat simulacra (Lair:5)
  2 ribbon worms
  2 dart slugs
  31 orcs
  16 bats
  7 endoplasms
  9 giant cockroaches
  8 goblins
  5 hobgoblins
  2 jackals (D:1)
  34 kobolds
  6 quokkas
  12 ball pythons
  7 frilled lizards
  7 rats
546 creatures vanquished.

Vanquished Creatures (others)
  An iguana (Lair:5)
1 creature vanquished.

Grand Total: 547 creatures vanquished

Notes
Turn   | Place    | Note
-------+----------+-------------------------------------------
     0 | D:1      | Cancer the Octopode Shapeshifter began the quest for the
                  | Orb.
     0 | D:1      | Reached XP level 1. HP: 13/13 MP: 1/1
    24 | D:1      | Found Liklodgh's Distillery.
    75 | D:1      | Reached skill level 1 in Stealth
   138 | D:1      | Reached XP level 2. HP: 18/18 MP: 2/2
   227 | D:1      | You fall into a shaft and drop 1 floor!
   290 | D:2      | Reached XP level 3. HP: 23/23 MP: 3/3
   528 | D:1      | Found a faded altar of an unknown god.
  1009 | D:2      | Reached XP level 4. HP: 22/28 MP: 4/4
  1554 | D:3      | Reached XP level 5. HP: 29/33 MP: 5/5
  1685 | D:3      | Found a transporter.
  1688 | D:3      | Noticed a kobold brigand
  1688 | D:3      | Noticed Guivassao's ghost (amateur OpEn)
  1912 | D:3      | Found a transporter.
  1922 | D:3      | Found a one-way gate to the infinite horrors of the Abyss.
  2053 | D:4      | Noticed Duvessa
  2053 | D:4      | Noticed Dowan
  2091 | D:4      | Noticed Grinder
  2150 | D:4      | Found Pikivv Cyent's Vocational Training.
  2151 | D:4      | Noticed Pargi
  2353 | D:4      | Noticed a lemure
  2357 | D:4      | Killed Grinder
  2358 | D:4      | Reached XP level 6. HP: 9/38 MP: 6/6
  2565 | D:4      | Noticed a black bear
  2612 | D:5      | Entered Level 5 of the Dungeon
  2711 | D:5      | Reached XP level 7. HP: 42/43 MP: 7/7
  2872 | D:5      | Found a glowing drain.
  2927 | Sewer    | Entered a sewer
  3509 | D:5      | Found a staircase to the Ecumenical Temple.
  3619 | Temple   | Found a transporter.
  3619 | Temple   | Found a transporter.
  3619 | Temple   | Found a transporter.
  3619 | Temple   | Found a transporter.
  3619 | Temple   | Entered the Ecumenical Temple
  3643 | Temple   | Became a worshipper of the Wu Jian Council
  3878 | D:5      | Reached XP level 8. HP: 38/51 MP: 8/8
  4352 | D:4      | Noticed Pikel
  4511 | D:4      | Killed Duvessa
  4512 | D:4      | Reached skill level 4 in Unarmed Combat
  4588 | D:4      | Killed Dowan
  4589 | D:4      | Reached skill level 5 in Stealth
  4618 | D:4      | Killed Pikel
  4757 | D:4      | Reached XP level 9. HP: 55/58 MP: 9/9
  4769 | D:4      | Reached skill level 5 in Unarmed Combat
  4785 | D:4      | Killed Pargi
  4860 | D:4      | Noticed Menkaure
  4864 | D:4      | Killed Menkaure
  5390 | D:6      | Reached * piety under Wu Jian
  5848 | D:6      | Reached skill level 1 in Evocations
  6199 | D:7      | Found a transporter.
  6216 | D:7      | Found Otuiw's Magic Scroll Shoppe.
  6312 | D:7      | Found Souzauprao's Distillery.
  6314 | D:7      | Found a transporter.
  6355 | D:7      | Reached skill level 6 in Unarmed Combat
  6370 | D:7      | Found Miovvez's Book Boutique.
  6373 | D:7      | Found Gumon's Antique Armour Shop.
  6670 | D:7      | Reached ** piety under Wu Jian
  6890 | D:8      | Noticed an elephant
  6890 | D:8      | Noticed a komodo dragon
  6919 | D:9      | Noticed a hornet
  6922 | D:9      | Killed a hornet
  6923 | D:9      | Reached skill level 7 in Unarmed Combat
  6923 | D:9      | Reached XP level 10. HP: 59/63 MP: 10/10
  7005 | D:9      | Noticed Jeremiah
  7014 | D:9      | Killed Jeremiah
  7103 | D:9      | Noticed Joseph
  7121 | D:9      | Killed Joseph
  7293 | D:9      | Reached skill level 8 in Unarmed Combat
  7722 | D:9      | Noticed Grum
  7734 | D:9      | Reached skill level 10 in Shapeshifting
  8167 | D:9      | Killed Grum
  8457 | D:8      | Found a sparkling altar of Nemelex Xobeh.
  8457 | D:8      | Found a stormy altar of Qazlal.
  8457 | D:8      | Found a white marble altar of Elyvilon.
  8457 | D:8      | Found a blossoming altar of Fedhas.
  8752 | D:8      | Reached skill level 9 in Unarmed Combat
  9290 | D:8      | Noticed Amaemon
  9292 | D:8      | Found a staircase to the Lair.
  9347 | D:8      | Killed an elephant
  9348 | D:8      | Reached XP level 11. HP: 69/69 MP: 11/11
  9786 | D:10     | Entered Level 10 of the Dungeon
 10290 | D:10     | Found a staircase to the Orcish Mines.
 10416 | D:10     | Reached skill level 10 in Unarmed Combat
 10423 | D:10     | Reached *** piety under Wu Jian
 10732 | D:10     | Noticed a two-headed ogre
 10742 | D:10     | Killed a two-headed ogre
 10891 | D:10     | Found a shadowy altar of Dithmenos.
 10896 | D:10     | Found a shimmering blue altar of Sif Muna.
 10899 | D:10     | Found a burning altar of Makhleb.
 11566 | D:8      | Killed Amaemon
 11781 | D:3      | Killed Guivassao's ghost
 11986 | Lair:1   | Entered Level 1 of the Lair of Beasts
 12036 | Lair:1   | Reached skill level 11 in Unarmed Combat
 12431 | Lair:1   | Reached **** piety under Wu Jian
 12647 | Lair:1   | Reached XP level 12. HP: 74/74 MP: 12/12
 13944 | Lair:2   | Reached skill level 12 in Unarmed Combat
 14260 | Lair:2   | Reached skill level 5 in Fighting
 14269 | Lair:2   | Reached skill level 5 in Dodging
 14772 | Lair:2   | Found a staircase to the Swamp.
 15531 | Lair:3   | Reached ***** piety under Wu Jian
 15800 | Lair:3   | You fall into a shaft and drop 2 floors!
 15800 | Lair:5   | Entered Level 5 of the Lair of Beasts
 15818 | Lair:4   | Noticed Urug
 15954 | Lair:3   | Reached skill level 10 in Stealth
 16148 | Lair:3   | Found a staircase to the Snake Pit.
 16308 | Lair:3   | Reached XP level 13. HP: 57/83 MP: 13/13
 16868 | Lair:4   | Found a viscous altar of Jiyva.
 16868 | Lair:4   | Found a staircase to the Slime Pits.
 17503 | Lair:4   | Reached skill level 13 in Unarmed Combat
 18323 | Lair:4   | Identified the ring of Surprise {^Contam rN+ AC+4 Int+3}
 18469 | Lair:4   | Killed Urug
 19764 | Lair:4   | Reached skill level 14 in Unarmed Combat
 20335 | Lair:5   | Reached skill level 15 in Unarmed Combat
 20818 | Lair:4   | Reached XP level 14. HP: 53/90 MP: 14/14
 21550 | Lair:5   | Reached skill level 16 in Unarmed Combat
 23267 | Lair:5   | Reached skill level 17 in Unarmed Combat
 23923 | D:11     | Reached ****** piety under Wu Jian
 24238 | D:11     | Learned a level 2 spell: Blink
 24623 | D:11     | Reached skill level 1 in Translocations
 24841 | D:12     | Reached skill level 1 in Spellcasting
 24883 | D:12     | Noticed Frances
 25140 | D:12     | Noticed Josephine
 25155 | D:12     | Killed Josephine
 25299 | D:12     | Identified the ring of Entrepreneurial Spirit {Wiz rF+
                  | Dex+3}
 26174 | Orc:1    | Entered Level 1 of the Orcish Mines
 26191 | Orc:1    | Found a transporter.
 26281 | Orc:1    | Found Finyck's Distillery.
 26439 | Orc:1    | Found an ornate altar of the Wu Jian Council.
 26440 | Orc:1    | Found a transporter.
 26507 | Orc:1    | Found a transporter.
 26517 | Orc:1    | Found a transporter.
 26536 | Orc:1    | Found an ornate altar of the Wu Jian Council.
 26536 | Orc:1    | Noticed an orc warlord
 26836 | Orc:1    | Demolished by an orc knight

Illustrated notes

Levels and vault maps discovered:
D:1:      shiori_arrival_oz, layout_basic, serial_shops, shop,
          ebering_ecumenical_altar_sacrificial, minmay_fountain_box
D:2:      layout_basic
D:3:      cheibrodos_old_hovel, layout_loops_ring,
          gammafunk_ghost_abyssal_escape, saegor_snake_ambush
D:4:      layout_cave_pools, nicolae_shop_vocational, uniq_menkaure, uniq_pikel,
          uniq_pargi, uniq_duvessa, uniq_grinder
D:5:      layout_basic, minmay_temple_entry_arrows, portal_sewer_entry_b,
          chequers_arboretum
D:6:      layout_basic
D:7:      layout_cave_pools, serial_shops, shop,
          nicolae_shop_tiny_statue_garden, shop, nicolae_shop_drivethru,
          kennysheep_small_square
D:8:      layout_loops_ring, nicolae_overflow_hidden_temple,
          grunt_lair_entry_orc_guard_hut, uniq_amaemon
D:9:      layout_loops_corners, uniq_grum, uniq_jeremiah, uniq_joseph
D:10:     layout_cave_pods, grunt_temple_overflow_diamond, david_orc_2,
          amcnicky_mini_corridor_feature, roderic_lattice_a
D:11:     layout_long_grid
D:12:     layout_stronghold, minivault_24, uniq_josephine, uniq_frances
Temple:   hellmonk_temple_divided_pantheon
Lair:1:   dreamdust_cave_troll, layout_loops_ring, minivault_27
Lair:2:   layout_loops_ring, minmay_swamp_entry_worms, st_stairs_11
Lair:3:   layout_gridlike, alex1729_snake_entry_snake, serial_bayou,
          serial_bayou_ford_a, serial_bayou_pond_d, serial_bayou_pond_d,
          serial_bayou_pond_b, serial_bayou_shore_b, serial_bayou_shore_b,
          patterned_corridor
Lair:4:   layout_regular_city, slime_entry_1, minmay_shattered_shrine,
          infiniplex_staircase_pool_2, serial_bayou_shore_b, uniq_urug
Lair:5:   hangedman_lair_in_review, layout_loops_ring, guppyfry_lair_end_dragon,
          eino_house_with_fridge
Orc:1:    dreamdust_wu_jian_sword_trials, layout_caves, serial_shops,
          nicolae_shop_industrial_runoff

Skill      XL: |  1  2  3  4  5  6  7  8  9 10 11 12 13 14 |
---------------+-------------------------------------------+-----
Stealth        | 1 2 3 4 6 8 10 | 10.0
Shapeshifting  | 4 6 7 9 10 12 13 14 | 14.5
Fighting       | 2 3 4 6 |  6.0
Dodging        | 3 4 6 |  6.0
Unarmed Combat | 4 7 9 11 12 15 17 | 17.6
Evocations     | 1 |  1.0
Translocations | 2 |  2.0
Spellcasting   | 2 |  2.0

Action                     |  1- 3 |  4- 6 |  7- 9 | 10-12 | 13-15 || total
---------------------------+-------+-------+-------+-------+-------++-------
  Melee: Unarmed           |    73 |    59 |   279 |   611 |   723 ||  1745
         Constrict         |    16 |    15 |    82 |   124 |    83 ||   320
         Tentacles         |     9 |    16 |    79 |   182 |   202 ||   488
         Punch             |       |     3 |       |       |    22 ||    25
 Invoke: Serpent's Lash    |       |       |       |       |     1 ||     1
Ability: Lunge             |       |       |    16 |    52 |    45 ||   113
         Whirlwind         |       |       |     1 |    29 |    64 ||    94
    Use: Scroll            |       |       |       |     1 |     1 ||     2
         Potion            |       |       |       |       |     2 ||     2
   Stab: Sleeping          |    16 |     4 |     8 |     9 |    13 ||    50
         Distracted        |       |       |       |     1 |       ||     1
         Petrified         |       |       |       |       |    11 ||    11
         Petrifying        |       |       |       |       |     3 ||     3
 Armour: Skin              |    26 |    14 |    89 |   154 |   207 ||   490
  Dodge: Dodged            |    32 |    43 |   250 |   593 |   617 ||  1535
   Form: Flux              |       |     1 |       |       |       ||     1
         Blade             |       |       |       |       |     1 ||     1

Table legend: (Time is in decaauts)
 A = Elapsed time spent in this place.
 B = Non-inter-level travel time spent in this place.
 C = Inter-level travel time spent in this place.
 D = Time resting spent in this place.
 E = Time spent auto-exploring this place.
 F = Levels seen in this place.
 G = Mean time per level.
                   A        B        C        D        E       F      G
               +--------+--------+--------+--------+--------+-----+--------+
         Total |  26597 |  23080 |   3517 |   4550 |  11497 |  20 | 1329.8 |
       Dungeon |  13632 |  11276 |   2356 |    970 |   6672 |  12 | 1136.0 |
        Temple |     38 |     25 |     13 |      0 |      0 |   1 |   38.0 |
          Lair |  11742 |  10626 |   1116 |   3462 |   4277 |   5 | 2348.4 |
  Orcish Mines |    653 |    622 |     31 |     21 |    447 |   1 |  653.0 |
         Sewer |    531 |    531 |      0 |     96 |    101 |   1 |  531.0 |
               +--------+--------+--------+--------+--------+-----+--------+

Top non-repeatable levels by time:
  Lair:4: 3479 daAuts
  Lair:5: 2975 daAuts
  Lair:3: 1999 daAuts
     D:9: 1864 daAuts
  Lair:2: 1749 daAuts
     D:8: 1671 daAuts
  Lair:1: 1538 daAuts
     D:3: 1427 daAuts
     D:5: 1379 daAuts
    D:12: 1364 daAuts
    D:10: 1354 daAuts
     D:6: 910 daAuts
     D:4: 853 daAuts
     D:1: 834 daAuts
    D:11: 756 daAuts
